Get step-by-step instructions on how to execute this build order below. Start the game timer, and the build order will tick by so you can play in parallel with StarCraft on a second screen or mobile device.

Game Time

  0:00

Last Step

  N/A

Next Step

Upcoming Step



Don't want to look back and forth between 2 screens? Try out our Overwolf App, the Spawning Tool Build Advisor to get an in-game overlay with this build!

Complete Build Order

  12  0:00  Probe  
  13  0:12  Probe  
  14  0:17  Pylon  
  14  0:24  Probe (Chrono Boost)  
  16  0:36  Probe (Chrono Boost)  
  16  0:37  Gateway  
  16  0:42  Probe (Chrono Boost)  
  16  0:45  Assimilator  
  17  0:51  Probe  
  18  1:03  Probe  
  19  1:15  Probe  
  20  1:20  Nexus  
  20  1:29  Cybernetics Core  
  21  1:32  Probe  
  21  1:37  Assimilator  
  21  1:45  Probe  
  22  1:47  Pylon  
  22  1:57  Probe (Chrono Boost)  
  23  2:02  Adept (Chrono Boost)  
  23  2:05  Warp Gate  
  25  2:09  Probe (Chrono Boost)  
  26  2:16  Twilight Council  
  26  2:17  Probe (Chrono Boost)  
  27  2:25  Stalker  
  27  2:29  Probe (Chrono Boost)  
  30  2:33  Probe (Chrono Boost)  
  31  2:43  Probe x2 (Chrono Boost)  
  33  2:47  Probe (Chrono Boost)  
  33  2:51  Probe  
  35  2:55  Blink (Chrono Boost)  
  33  3:01  Shield Battery  
  33  3:03  Stalker (Chrono Boost), Probe  
  36  3:06  Probe  
  37  3:15  Probe  
  37  3:16  Pylon  
  37  3:19  Probe  
  36  3:27  Probe  
  36  3:31  Probe  
  37  3:39  Probe  
  38  3:41  Gateway  
  38  3:43  Probe  
  39  3:51  Probe  
  39  3:55  Sentry, Probe  
  43  4:03  Probe  
  43  4:04  Nexus  
  43  4:06  Phoenix, Pylon  
  43  4:07  Probe  
  45  4:16  Probe  
  46  4:19  Probe, Forge  
  47  4:26  Forge  
  47  4:28  Probe, Pylon  
  47  4:30  Stalker  
  50  4:31  Probe  
  51  4:39  Stalker  
  51  4:40  Probe  
  51  4:41  Pylon  
  51  4:44  Probe  
  55  4:52  Probe  
  56  4:56  Probe, Stalker  
  59  5:02  Stalker  
  59  5:04  Probe  
  62  5:08  Probe, Charge  
  63  5:16  Probe  
  63  5:18  Shield Battery, Probe  
  63  5:20  Protoss Ground Armor Level 1 (Chrono Boost), Probe  
  66  5:23  Protoss Ground Weapons Level 1 (Chrono Boost)  
  67  5:28  Probe  
  67  5:29  Stalker x2  
  67  5:30  Probe  
  66  5:38  Gateway  
  66  5:39  Gateway  
  66  5:41  Gateway, Probe  
  66  5:55  Gateway, Stalker x2  
  70  5:57  Gateway  
  70  5:59  Gateway, Probe x3  
  70  6:00  Pylon  
  73  6:07  Pylon  
  73  6:11  Probe  
  74  6:15  Pylon  
  72  6:18  Stalker  
  72  6:20  Probe  
  72  6:25  Pylon  
  74  6:29  Probe  
  74  6:30  Probe  
  68  6:36  Zealot x4  
  67  6:40  Probe  
  67  6:44  Probe x2  
  67  6:46  Stalker  
  67  6:51  Sentry  
  67  6:52  Probe  
  68  6:56  Probe  
  68  6:59  Pylon  
  68  7:00  Probe  
  70  7:01  Zealot  
  70  7:07  Probe  
  70  7:08  Probe  
  74  7:10  Zealot x2  
  74  7:12  Probe  
  74  7:14  Zealot  
  81  7:19  Probe  
  81  7:20  Probe  
  83  7:24  Probe  
  84  7:31  Probe  
  84  7:32  Zealot x4, Probe  
  84  7:36  Probe  
  95  7:38  Zealot  
  95  7:43  Probe  
  95  7:44  Zealot x2  
  102  7:47  Probe  
  102  7:49  Probe  
  104  7:56  Zealot x3  
  109  8:03  Zealot x3, Pylon  
  101  8:14  Robotics Facility, Probe  
  101  8:15  Zealot x2  
  101  8:17  Probe  
  101  8:18  Zealot  
  98  8:28  Probe  
  98  8:31  Probe x2  
  101  8:34  Zealot x4  
  109  8:46  Zealot x3  
  75  8:48  Protoss Ground Armor Level 2 (Chrono Boost)  
  115  8:51  Photon Cannon  
  115  8:53  Photon Cannon  
  115  8:55  Pylon  
  115  9:05  Zealot x4  
  115  9:09  Observer (Chrono Boost)  
  123  9:11  Probe x2, Pylon  
  123  9:13  Probe  
  124  9:37  Zealot x7  
  116  9:42  Probe x2  
  96  9:50  Protoss Ground Weapons Level 2 (Chrono Boost), Probe  
  85  9:54  Probe  
  85  9:55  Probe  
  85  9:58  Observer  
  87  10:01  Zealot x6  
  87  10:04  Observer (Chrono Boost)  
  100  10:07  Nexus  
  100  10:09  Pylon  
  100  10:16  Zealot  
  100  10:22  Zealot x6  
  110  10:31  Immortal (Chrono Boost)  
  112  10:45  Stalker x5  
  112  10:46  Zealot  
  112  10:49  Pylon  
  122  10:50  Observer, Probe x2  
  122  11:07  Zealot x2  
  122  11:08  Zealot x5  
  134  11:15  Observer  
  134  11:28  Gateway  
  134  11:29  Gateway  
  133  11:37  Zealot  
  133  11:38  Zealot x6  
  133  11:59  Zealot x5  
  133  12:10  Pylon x2  
  121  12:20  Zealot x5